[Event "76th Montenegro Championship 2024"]
[Site "Podgorica"]
[Date "2024.02.06"]
[Round "1.1"]
[White "Kadric, Denis"]
[Black "Nenezic, Danilo"]
[Result "1-0"]
[ECO "B43"]
[WhiteElo "2584"]
[BlackElo "2086"]
[Annotator "RC"]
[PlyCount "61"]
[EventDate "2024.02.06"]
[EventType "swiss"]
[EventCountry "MNE"]
[SourceTitle "playchess.com"]
[Source "ChessBase"]
[SourceQuality "1"]
[TimeControl "40/5400+30:1800+30"]

1. e4 c5 2. Nc3 e6 3. Nge2 a6 4. g3 b5 5. d4 cxd4 6. Nxd4 Bb7 7. Bg2 b4 8. Na4 Nf6 9. c4 Qc7 10. O-O d6 11. Re1 Be7 12. Bd2 Nc6 13. Nxc6 Bxc6 14. Bxb4 Nd7 15. Nc3 O-O 16. Nd5 Bxd5 17. cxd5 e5 18. Rc1 Qb7 19. Ba3 a5 20. Rc6 Nb8 21. Rc3 Na6 22. Qd2 h6 23. Rec1 f5 24. Rc6 fxe4 25. Bxd6 Bg5 26. Qe2 Bxc1 27. Bxf8 Bxb2 28. Bxg7 e3 29. Bxh6 exf2+ 30. Kf1 Bd4 31. Be4 1-0

[Event "76th Montenegro Championship 2024"]
[Site "Podgorica"]
[Date "2024.02.06"]
[Round "1.2"]
[White "Skvortsova, Alena"]
[Black "Petrov, Nikita"]
[Result "0-1"]
[ECO "B51"]
[WhiteElo "2111"]
[BlackElo "2563"]
[Annotator "TA"]
[PlyCount "48"]
[EventDate "2024.02.06"]
[EventType "swiss"]
[EventCountry "MNE"]
[SourceTitle "playchess.com"]
[Source "ChessBase"]
[SourceQuality "1"]
[TimeControl "40/5400+30:1800+30"]

1. e4 c5 2. Nf3 Nc6 3. Bb5 d6 4. O-O Bd7 5. Re1 Nf6 6. c3 a6 7. Bf1 Bg4 8. d4 cxd4 9. cxd4 Bxf3 10. gxf3 d5 11. e5 Nh5 {[%emt 0:00:07] The position is equal.} 12. e6 {[%emt 0:15:38] [#] Threatens to win with exf7+.} (12. f4 $5 g6 $8 13. f5 $11) 12... g6 13. exf7+ (13. Nc3 $11) 13... Kxf7 $15 14. Bh3 {[%emt 0:02:54] Prevents e6} Ng7 {[%emt 0:02:33] Inhibits Be6+.} 15. Nc3 (15. Bg5 $15) 15... e6 $17 16. Ne2 Bd6 17. Be3 (17. Qb3 $17) 17... Qh4 $19 18. Kg2 Nf5 (18... g5 $19 {...h5 would now be deadly.} 19. Qc1 h6) 19. Qd2 (19. Qb3 $142) 19... Qh5 {[%emt 0:05:49] Black has more active pieces.} ({Black should play} 19... Bb4 20. Nc3 Bd6 (20... Ncxd4 21. Bg4 $17) (20... Nfxd4 $2 21. Bg5 $18)) 20. Bxf5 $2 {[%emt 0:03:42] [#] This costs White the game.} (20. Ng3 $17 {keeps fighting.} Nh4+ 21. Kf1 Bxg3 (21... Qxf3 22. Bg5 $17) 22. Bg4 Nxf3 23. Bxf3 Qxf3 24. hxg3) 20... Qxh2+ ({Not} 20... gxf5 21. Bf4 Bb4 22. Qe3 $17) (20... Qxf5 21. a3 $15) (20... exf5 21. Rh1 $11) 21. Kf1 gxf5 22. Ng3 (22. Nf4 $142) 22... Bxg3 23. fxg3 Qxd2 ({Don't take} 23... Qxg3 24. Bf2 Qd6 (24... Qxf3 25. Qh6 $17) 25. Qh6 $19) 24. Bxd2 Nxd4 {[%emt 0:00:04] Weighted Error Value: White=0.79/Black=0.31.  Loses game:     	White=1     	---        Mistake:       	White=5     	Black=2      OK:         	White=2     	Black=6      Best:        	---       	Black=3} 0-1

[Event "76th Montenegro Championship 2024"]
[Site "Podgorica"]
[Date "2024.02.06"]
[Round "1.3"]
[White "Djukic, Nikola"]
[Black "Djukanovic, Sreten"]
[Result "1-0"]
[ECO "B90"]
[WhiteElo "2529"]
[BlackElo "2068"]
[Annotator "TA"]
[PlyCount "69"]
[EventDate "2024.02.06"]
[EventType "swiss"]
[EventCountry "MNE"]
[SourceTitle "playchess.com"]
[Source "ChessBase"]
[SourceQuality "1"]
[TimeControl "40/5400+30:1800+30"]

1. e4 c5 2. Nf3 d6 3. d4 cxd4 4. Nxd4 Nf6 5. Nc3 a6 6. h3 e5 7. Nb3 Be6 8. Be3 Be7 9. Qf3 O-O {[%emt 0:03:49] The position is equal.} 10. O-O-O b5 11. g4 b4 $1 12. Nd5 Nxd5 13. exd5 Bc8 14. Bd3 Nd7 15. Nd2 Qa5 ({Better is} 15... a5 $15) 16. Kb1 $11 {[%emt 0:06:57] Black is weak on the light squares} Bb7 $2 (16... Qc7 $11) 17. Qf5 $1 $18 Nf6 {[%emt 0:00:55][%cal Og7g6] [#] And now ...g6! would win.} 18. g5 $40 {[%emt 0:00:23][%mdl 128] White is out for blood.} (18. Ne4 $142 $1 {[%cal Re4f6] Nxf6+ would kill now.} Nxd5 (18... Qxd5 19. Nxf6+ gxf6 20. Qxh7#) 19. Nxd6) 18... g6 {[%emt 0:08:27] [#]} (18... Bc8 $142 19. Qf3 Nd7 (19... Nxd5 $2 20. Nc4 $18)) 19. gxf6 $1 gxf5 20. fxe7 f4 (20... Qxd5 $2 21. Rhg1+ (21. exf8=B Kxf8 22. Bxf5 Qxh1 $18) 21... Kh8 22. exf8=Q+ (22. exf8=B Rxf8 23. Bh6 Rg8 $18) (22. exf8=N f4 $18) (22. exf8=R+ Rxf8 23. Bh6 Rg8 $18) 22... Rxf8 23. Bh6 $18 (23. Bxf5 Bc8 $18)) 21. Rhg1+ (21. exf8=B Kxf8 22. Nc4 Qxd5 $11) 21... Kh8 {[%emt 0:00:21] Hoping for ...Rg8.} 22. Nc4 Qxd5 {[%emt 0:06:15] aiming for ...Rg8.} 23. exf8=Q+ (23. exf8=R+ Rxf8 24. Be2 Qe6) 23... Rxf8 {[%emt 0:00:07] [#] This costs Black the game.} 24. Be2 $1 {[%emt 0:04:34][%csl LRd5,LRd6] This pair of bishops is nice.} Qe6 25. Rxd6 Qc8 (25... fxe3 $142 26. Rxe6 exf2) 26. Bb6 f6 27. b3 Be4 28. Bg4 Bf5 29. f3 h5 30. Bxf5 Qxf5 31. Bd8 Kh7 32. h4 Rg8 33. Rxg8 (33. Rxf6 $2 {is the wrong capture.} Rxg1+ 34. Kb2 Qh3 $19) 33... Kxg8 34. Bxf6 e4 35. Ne5 {[%emt 0:00:54] Weighted Error Value: White=0.45/Black=0.76.  Loses game:     	---       	Black=2      Mistake:       	White=1     	Black=3      Inaccurate:     	White=1     	Black=2      OK:         	White=8     	Black=7      Best:        	White=1     	Black=1      Strong:       	White=2     	Black=1} (35. Rxa6 exf3 36. Ne5 Qc8 $19) 1-0

[Event "76th Montenegro Championship 2024"]
[Site "Podgorica"]
[Date "2024.02.06"]
[Round "1.4"]
[White "Ratkovic, Milorad"]
[Black "Draskovic, Luka"]
[Result "0-1"]
[ECO "B73"]
[WhiteElo "2063"]
[BlackElo "2481"]
[Annotator "TA"]
[PlyCount "70"]
[EventDate "2024.02.06"]
[EventType "swiss"]
[EventCountry "MNE"]
[SourceTitle "playchess.com"]
[Source "ChessBase"]
[SourceQuality "1"]
[TimeControl "40/5400+30:1800+30"]

1. e4 c5 2. Nf3 d6 3. d4 cxd4 4. Nxd4 Nf6 5. Nc3 Nc6 6. h3 g6 7. Be3 Bg7 8. Be2 O-O 9. O-O Bd7 10. Qd2 Nxd4 11. Bxd4 Bc6 12. Bf3 Nd7 13. Bxg7 Kxg7 14. Be2 Qb6 {[%emt 0:06:58] The position is equal.} 15. Rab1 Nf6 16. Bf3 Qa5 17. b4 Qe5 18. b5 Bd7 (18... Nxe4 $6 19. Bxe4 Bxe4 20. Rbe1 $16) (18... Bxe4 $6 19. Nxe4 Nxe4 20. Bxe4 Qxe4 21. Rfe1 $14) 19. Rfe1 Rfc8 20. Re3 {[%emt 0:00:32] [#] Black keeps a firm grip on the game.} Rc5 $1 21. Be2 Rac8 {[%emt 0:02:52] Black is more active.} 22. Rb3 Be6 $36 {[%emt 0:02:08][%mdl 2048] Black has strong initiative.} 23. Ra3 b6 24. Bd1 R5c7 25. Qe1 Bc4 26. Nd5 Nxd5 27. exd5 Qxd5 28. Bf3 Qc5 (28... Qxb5 29. Rxe7 Rxe7 30. Qxe7 $17) 29. Bc6 (29. Rac3 {might work better.}) 29... d5 $19 (29... Bxb5 30. Bxb5 Qxb5 31. Rxe7 $17) 30. Rf3 d4 (30... Bxb5 $2 {loses.} 31. Rxf7+ Kxf7 32. Rf3+ Kg7 33. Qe5+ Kg8 34. Bxd5+ $18) 31. Ra4 {[%emt 0:01:33] [#]} a6 $1 32. Be4 (32. Rxc4 Qxc4) 32... axb5 33. Rb4 Qe5 ({Don't do} 33... Bxa2 34. Rd3 $19) 34. g4 (34. Rb1 $142) 34... Bd5 {[%emt 0:00:43] aiming for ...Rxc2.} 35. Rxb5 Qxe4 {[%emt 0:00:12] Weighted Error Value: White=0.48/Black=0.04 (flawless) .  Mistake:       	White=2     	---        Inaccurate:     	White=4     	---        OK:         	White=8     	Black=15     Best:        	---       	Black=1      Strong:       	---       	Black=1      Brilliant:      	---       	Black=1} 0-1

[Event "76th Montenegro Championship 2024"]
[Site "Podgorica"]
[Date "2024.02.06"]
[Round "1.5"]
[White "Kalezic, Blazo"]
[Black "Kandic, Milojko"]
[Result "1-0"]
[ECO "C10"]
[WhiteElo "2407"]
[BlackElo "2046"]
[Annotator "TA"]
[PlyCount "61"]
[EventDate "2024.02.06"]
[EventType "swiss"]
[EventCountry "MNE"]
[SourceTitle "playchess.com"]
[Source "ChessBase"]
[SourceQuality "1"]
[TimeControl "40/5400+30:1800+30"]

1. e4 e6 2. d4 d5 3. Nd2 dxe4 4. Nxe4 Nd7 5. Nf3 Ngf6 6. Nxf6+ Nxf6 7. Be3 Be7 8. c3 O-O 9. Bd3 b6 {[%emt 0:06:17] The position is equal.} 10. Qc2 Bb7 11. O-O-O Qc8 12. Ne5 h6 13. Kb1 Rd8 14. Rhe1 c5 {[%emt 0:04:04] [#]} (14... Bd6 $14) 15. dxc5 {[%emt 0:00:19] White has more active pieces.} ({White should try} 15. g4 $1 $16) 15... Bxc5 $11 16. Bc1 Qc7 17. f4 Bd6 18. g4 Bxe5 (18... Rac8 $1 $11 {is superior.}) 19. fxe5 $16 Nxg4 20. Qe2 {[%emt 0:00:35] Against Bf3} Rxd3 21. Qxd3 {[%emt 0:03:49] Qe2 would now be deadly.} ({Not} 21. Rxd3 Ba6 22. Qc2 Bxd3 (22... Nxe5 23. Rg3 $11) 23. Qxd3 Nxe5 $17 (23... Nxh2 $2 {too greedy.} 24. Qe2 $18)) 21... Nxe5 (21... Nf2 $16 22. Qd7 Be4+ 23. Ka1 Qxd7 24. Rxd7 Bg6) 22. Qg3 $1 $18 f6 23. Bxh6 {[%emt 0:00:36] Black must now prevent Ka1.} Qf7 24. Ka1 $36 {[%emt 0:03:04][%mdl 2048] Threatens to win with Rg1. White is in control.} g5 $2 {[%emt 0:00:36] [#] This move loses the game for Black.} (24... Bf3 $16) 25. Bxg5 $1 Ng6 (25... Qg7 26. Bxf6) 26. Rf1 f5 27. h4 Kh7 28. h5 Nf8 29. Be3 {[%emt 0:00:49] White wants to mate with Rg1.} Rc8 30. Rg1 {[%emt 0:01:23] Threatening mate with Qg5.} Bd5 31. Qg5 {[%emt 0:00:10] Weighted Error Value: White=0.15 (very precise) /Black=0.83.  Loses game:     	---       	Black=1      Mistake:       	White=1     	Black=3      Inaccurate:     	White=1     	Black=4      OK:         	White=9     	Black=7      Best:        	White=1     	Black=1} 1-0

[Event "76th Montenegro Championship 2024"]
[Site "Podgorica"]
[Date "2024.02.06"]
[Round "1.6"]
[White "Loncar, Milenko"]
[Black "Smirnov, Artem"]
[Result "0-1"]
[ECO "A05"]
[WhiteElo "2026"]
[BlackElo "2406"]
[Annotator "TA"]
[PlyCount "70"]
[EventDate "2024.02.06"]
[EventType "swiss"]
[EventCountry "MNE"]
[SourceTitle "playchess.com"]
[Source "ChessBase"]
[SourceQuality "1"]
[TimeControl "40/5400+30:1800+30"]

1. Nf3 Nf6 2. g3 b6 3. Bg2 Bb7 4. O-O e6 5. d3 c5 6. Nc3 d5 7. Bf4 Be7 8. Nb5 {[%emt 0:01:20] The position is equal.} Na6 {[%emt 0:00:23] Repels Nc7+} 9. a4 O-O 10. c3 Nh5 11. Bd2 Nb8 12. g4 (12. Re1 $11) 12... Nf6 $1 $15 13. Bf4 {[%emt 0:03:57] [#] Black keeps a firm grip on the game.} a6 $1 ({Reject} 13... Nxg4 $6 14. h3 Nf6 15. Nc7 $11) 14. Na3 Nxg4 15. Kh1 (15. e4 $17 {was worth a try.}) 15... Bd6 $19 16. Bg5 f6 17. Bd2 Nd7 18. d4 f5 19. Ng5 $2 (19. b4 {might work better.}) 19... Nxh2 (19... Bxh2 $2 20. f3 Bc7 21. fxg4 $19) 20. Nc4 dxc4 ({But not} 20... Nxf1 21. Nxd6 Nxd2 22. Qxd2 $19) 21. Bxb7 Nxf1 22. Qxf1 {[%emt 0:01:29] [#]} h6 $1 23. Bxa8 Qxa8+ 24. Nf3 Nf6 25. Qg2 Ng4 26. Kg1 Qe4 27. Kf1 Rf6 {[%emt 0:02:19] Strongly threatening ...Rg6.} 28. Qh3 {[%emt 0:04:31] [#]} Nh2+ $1 29. Ke1 (29. Kg2 cxd4) 29... Nxf3+ 30. Qxf3 Rg6 31. Kf1 {[%emt 0:00:55] Prevents Rg1+.} Bh2 {[%emt 0:00:21][%csl Gh2][%cal Rg6g1] Black mates.} 32. Bg5 Rxg5 33. Ke1 Rg1+ 34. Kd2 Bf4+ 35. e3 Qd3# {[%emt 0:04:32] Weighted Error Value: White=0.64/Black=0.06 (flawless) .  Mistake:       	White=3     	---        Inaccurate:     	White=2     	---        OK:         	White=3     	Black=12     Best:        	White=2     	Black=1      Strong:       	---       	Black=2} 0-1

[Event "76th Montenegro Championship 2024"]
[Site "Podgorica"]
[Date "2024.02.06"]
[Round "1.7"]
[White "Ivanovic, Bozidar"]
[Black "Abramovic, Dragoljub"]
[Result "1-0"]
[ECO "C10"]
[WhiteElo "2403"]
[BlackElo "2018"]
[Annotator "TA"]
[PlyCount "97"]
[EventDate "2024.02.06"]
[EventType "swiss"]
[EventCountry "MNE"]
[SourceTitle "playchess.com"]
[Source "ChessBase"]
[SourceQuality "1"]
[TimeControl "40/5400+30:1800+30"]

1. e4 e6 2. d4 d5 3. Nc3 Be7 4. Bd3 dxe4 5. Nxe4 Nf6 6. Nf3 Bd7 7. Ne5 Nc6 8. Nxd7 Qxd7 9. c3 {[%emt 0:03:59] White has an edge.} e5 10. dxe5 Nxe5 11. Nxf6+ Bxf6 12. Be2 Qxd1+ 13. Kxd1 O-O-O+ 14. Kc2 Rhe8 15. Be3 Kb8 16. Rad1 h6 17. Rxd8+ Bxd8 18. Rd1 (18. Re1 $5) 18... c6 19. Re1 Bb6 {[%emt 0:11:30] [#]} (19... Re7 $14) 20. Bc4 $1 Rc8 {[%emt 0:28:59] [#]} 21. Bxb6 $1 Nxc4 $16 {[%emt 0:00:11][%mdl 4096] Endgame. KRB-KRN} 22. Bd4 {[%emt 0:00:20][%cal Oe1e7] Threatens to win with Re7!} f6 $1 23. b3 Na3+ 24. Kb2 Nb5 25. Be3 {[%emt 0:00:44] Strongly threatening Bf4+.} Rd8 26. c4 Nc7 27. Kc3 Re8 (27... b6 $14) 28. Rd1 Ne6 29. Rd7 h5 30. a4 {[%emt 0:00:50] White is much more active.} c5 31. Rf7 Rc8 (31... a5 $16) 32. Re7 $18 Rc6 33. h3 ({White should play} 33. f4) 33... Kc8 34. f4 {[%emt 0:01:22] And now f5 would win.} g6 35. g4 hxg4 36. hxg4 Nd8 (36... f5 $16) 37. f5 gxf5 38. gxf5 b6 $2 (38... Rd6 39. Bxc5 Rd1) 39. Rxa7 {[%emt 0:03:08] Hoping for Bf4.} Rc7 $2 (39... Nb7 40. Bf4 Nd6) 40. Ra8+ Kd7 41. Ra6 Rc6 42. Bf4 Nb7 43. Ra7 Kc8 44. Ra8+ Kd7 45. Rf8 Nd8 {[%emt 0:01:10] Inhibits Rf7+.} (45... Ke7 46. Rh8 Nd6) 46. Kd3 Ke7 47. Rg8 Nf7 (47... Rc8 $142 48. Rh8 Kd7 49. Rh7+ Ke8) 48. Ke4 {[%emt 0:00:19] Kd5 would now be deadly.} Nd6+ 49. Kd5 {[%emt 0:00:48] Weighted Error Value: White=0.12 (very precise) /Black=0.54.  Mistake:       	White=1     	Black=8      Inaccurate:     	White=1     	Black=4      OK:         	White=14    	Black=18     Best:        	White=7     	Black=2      Strong:       	White=1     	Black=1} 1-0

[Event "76th Montenegro Championship 2024"]
[Site "Podgorica"]
[Date "2024.02.06"]
[Round "1.8"]
[White "Koljevic, Nikolina"]
[Black "Tomic, Aleksandar"]
[Result "0-1"]
[ECO "B01"]
[WhiteElo "1974"]
[BlackElo "2398"]
[Annotator "TA"]
[PlyCount "94"]
[EventDate "2024.02.06"]
[EventType "swiss"]
[EventCountry "MNE"]
[SourceTitle "playchess.com"]
[Source "ChessBase"]
[SourceQuality "1"]
[TimeControl "40/5400+30:1800+30"]

1. e4 d5 2. exd5 Nf6 3. d4 Bg4 4. Bb5+ Nbd7 5. f3 Bf5 6. Nc3 a6 7. Bd3 Bxd3 8. Qxd3 Nb6 {[%emt 0:00:02] White is slightly better.} 9. Bg5 Nfxd5 10. Nge2 Qd7 11. a3 {[%emt 0:06:25] Repels Nb4} e6 12. O-O-O Qc6 13. Bh4 Bd6 14. Ne4 (14. Nxd5 $11 Nxd5 15. Be1) 14... Nc4 15. Bf2 Qb5 {[%emt 0:15:28] Black is more active.} (15... O-O $15) 16. Qb3 (16. b3 $11 Bxa3+ (16... Nxa3 $2 17. c4 $18) 17. Kb1) 16... Qxb3 (16... Be7 {feels hotter.} 17. N2c3 Qxb3 18. cxb3 Nce3) 17. cxb3 Ncb6 18. Nc5 O-O-O 19. Nc3 Bf4+ 20. Kb1 h5 21. Rhe1 ({White should try} 21. N3e4 $15) 21... Bxh2 $17 22. g3 {[%emt 0:02:28] [#]} h4 $1 23. gxh4 Bd6 24. N3e4 Be7 25. Ng5 Rdf8 26. Rg1 Rh5 27. Rc1 g6 28. Nce4 (28. Rc2 $142) 28... Nf4 {[%emt 0:02:48] And now ...f6 would win.} 29. Bg3 Nbd5 {[%emt 0:00:09] [#] Hoping for ...f6.} 30. Rc2 $2 {[%emt 0:00:56] This costs White the game.} (30. Rce1 $17 {might work better.}) 30... f6 $19 31. Bxf4 Nxf4 32. Rgc1 c6 {[%emt 0:01:10] Black is clearly winning.} (32... fxg5 33. Rxc7+ Kb8 34. Rxe7 $11) 33. Ng3 fxg5 34. Nxh5 gxh5 35. hxg5 Bxg5 36. Rh2 Rd8 37. Re1 Rxd4 38. Re5 Bf6 39. Re4 Rxe4 40. fxe4 Bd4 {[%emt 0:00:00] aiming for ...e5.} 41. b4 e5 42. a4 Kd7 {[%emt 0:00:32] Strongly threatening ...Ke6.} 43. Kc2 Ke6 44. b5 cxb5 {[%emt 0:01:05] Threatens to win with ...Kf6.} 45. axb5 axb5 46. Kb3 Kf6 47. Kb4 Kg5 {[%emt 0:00:08] Weighted Error Value: White=0.79/Black=0.19 (very precise) .  Loses game:     	White=1     	---        Mistake:       	White=4     	Black=1      Inaccurate:     	White=5     	Black=2      OK:         	White=9     	Black=17     Best:        	White=1     	Black=1      Brilliant:      	---       	Black=1} 0-1

[Event "76th Montenegro Championship 2024"]
[Site "Podgorica"]
[Date "2024.02.06"]
[Round "1.9"]
[White "Drasko, Milan"]
[Black "Kadic, Branislav"]
[Result "1-0"]
[ECO "D93"]
[WhiteElo "2339"]
[BlackElo "1970"]
[Annotator "RC"]
[PlyCount "121"]
[EventDate "2024.02.06"]
[EventType "swiss"]
[EventCountry "MNE"]
[SourceTitle "playchess.com"]
[Source "ChessBase"]
[SourceQuality "1"]
[TimeControl "40/5400+30:1800+30"]

1. d4 d5 2. c4 c6 3. Nf3 Nf6 4. Qc2 g6 5. Bf4 Bg7 6. e3 O-O 7. Nc3 Bg4 8. Ne5 Be6 9. Qb3 Qc8 10. Be2 Nbd7 11. O-O dxc4 12. Bxc4 Bxc4 13. Nxc4 Nh5 14. Bg5 Bf6 15. Bh6 Bg7 16. Bxg7 Nxg7 17. d5 b6 18. Rfd1 Nc5 19. Qc2 cxd5 20. Nxd5 Re8 21. Rac1 Qb7 22. Ne5 Rad8 23. Qc4 Nge6 24. e4 f6 25. Ng4 Kg7 26. b4 b5 27. Qe2 Nd7 28. f4 Rc8 29. Rxc8 Rxc8 30. Nxe7 Rc4 31. Nd5 h5 32. Nf2 Nb6 33. g3 Nd4 34. Qb2 Nxd5 35. Rxd4 Nb6 36. Rxc4 Nxc4 37. Qd4 Qe7 38. Nd3 Nd2 39. Qe3 Nxe4 40. Nc5 f5 41. Nxe4 fxe4 42. Qd4+ Kh7 43. Kf2 a6 44. Ke3 Qe6 45. Qa7+ Kh6 46. Qb8 Kh7 47. Qc7+ Kg8 48. Qc2 Kh7 49. a3 Kh6 50. Qxe4 Qa2 51. Qd4 Qxa3+ 52. Ke4 Kh7 53. f5 gxf5+ 54. Kxf5 Qa2 55. Qd7+ Kh8 56. Qe8+ Kg7 57. Qg6+ Kf8 58. Qf6+ Kg8 59. Qe6+ Qxe6+ 60. Kxe6 Kg7 61. Kd5 1-0

[Event "76th Montenegro Championship 2024"]
[Site "Podgorica"]
[Date "2024.02.06"]
[Round "1.10"]
[White "Grbovic, Dino"]
[Black "Sukovic, Andrej"]
[Result "0-1"]
[ECO "E92"]
[WhiteElo "1946"]
[BlackElo "2339"]
[Annotator "TA"]
[PlyCount "68"]
[EventDate "2024.02.06"]
[EventType "swiss"]
[EventCountry "MNE"]
[SourceTitle "playchess.com"]
[Source "ChessBase"]
[SourceQuality "1"]
[TimeControl "40/5400+30:1800+30"]

1. d4 Nf6 2. c4 g6 3. Nc3 Bg7 4. e4 d6 5. Nf3 O-O 6. Be2 c5 7. d5 e5 8. O-O Kh8 9. Ne1 Qe7 10. Be3 {[%emt 0:07:27] White is better.} Ng8 11. g4 f5 12. gxf5 gxf5 13. exf5 Bxf5 14. Kh1 Nd7 15. Rg1 Ndf6 16. Bg5 Qd7 17. Nc2 ({White should play} 17. Ng2 $11) 17... Rf7 18. Ne3 Bg6 19. Bg4 (19. Ng2 $11) 19... Nxg4 $17 20. Qxg4 Raf8 21. Qxd7 Rxd7 22. Raf1 Rdf7 23. Kg2 (23. Rg3 $17) 23... Rf3 (23... Bd3 $19 24. Bh4 Bxf1+ 25. Kxf1 Bh6) 24. Bh4 a6 25. a3 {[%emt 0:02:07] [#]} b5 {[%emt 0:02:58] Black is more active.} 26. cxb5 (26. b4 $142) 26... axb5 {[%emt 0:00:06] ...b4 would now be deadly.} 27. b4 {[%emt 0:00:30] This move loses the game for White.} (27. Nxb5 $2 {is the wrong capture.} Be4 28. Nxd6 Rxe3+ 29. Nxe4 Rxe4) (27. h3 $17) 27... cxb4 $19 28. axb4 R3f4 $1 29. Bg3 Rxb4 30. Rc1 Nf6 31. f3 (31. Rgd1 {was called for.}) 31... Bh6 32. Rge1 Rb2+ {[%emt 0:03:02] Black is clearly winning.} 33. Bf2 Nh5 {[%emt 0:00:23] Threatens to win with ...Nf4+.} 34. Ne4 Bxe4 {[%emt 0:00:08] Weighted Error Value: White=0.79/Black=0.23 (precise) .  Mistake:       	White=6     	Black=2      Inaccurate:     	White=8     	Black=3      OK:         	White=2     	Black=7      Best:        	---       	Black=2} 0-1

[Event "76th Montenegro Championship 2024"]
[Site "Podgorica"]
[Date "2024.02.06"]
[Round "1.11"]
[White "Nikcevic, Nebojsa"]
[Black "Vukovic, Krsto"]
[Result "1-0"]
[ECO "A40"]
[WhiteElo "2338"]
[BlackElo "1904"]
[Annotator "TA"]
[PlyCount "53"]
[EventDate "2024.02.06"]
[EventType "swiss"]
[EventCountry "MNE"]
[SourceTitle "playchess.com"]
[Source "ChessBase"]
[SourceQuality "1"]
[TimeControl "40/5400+30:1800+30"]

1. c4 g6 2. d4 Bg7 3. e4 b6 4. Nc3 Bb7 5. f4 e6 6. Nf3 Ne7 7. Be3 O-O 8. Qd2 {[%emt 0:01:39] White is slightly better.} d5 9. cxd5 exd5 10. e5 Nf5 11. Bf2 Nd7 ({Better is} 11... c5) 12. g4 Nh6 (12... Nxd4 $16 {was necessary.} 13. Qxd4 (13. Nxd4 c5 $16) 13... c5) 13. h3 f5 (13... f6 $16 {keeps fighting.}) 14. g5 c5 $2 (14... Nf7 15. h4 Qe7) 15. gxh6 $18 Bxh6 16. O-O-O {[%emt 0:00:33] Threatens to win with h4.} c4 (16... cxd4 $142 17. Bxd4 (17. Nxd4 Nxe5 18. Kb1 Nc4 $18) (17. Qxd4 Nc5 $18) 17... Nc5) 17. h4 Bc6 18. h5 Bg7 19. hxg6 h6 20. Bh4 Qe8 21. Qh2 Qxg6 22. Be2 Kf7 23. Rdg1 Qe6 {[%emt 0:00:29] [#]} 24. Be7 $1 Qxe7 {[%emt 0:07:16] [#]} (24... Kxe7 25. Rxg7+) 25. Rxg7+ $1 {[%emt 0:00:49][%mdl 512] White mates.} Kxg7 (25... Ke8 26. Rxe7+) 26. Qxh6+ Kf7 27. Qh5+ {[%emt 0:00:06] White took control after the opening.   Weighted Error Value: White=0.18 (very precise) /Black=0.91.  Mistake:       	---       	Black=5      Inaccurate:     	---       	Black=2      OK:         	White=5     	Black=1      Best:        	White=1     	---} 1-0

[Event "76th Montenegro Championship 2024"]
[Site "Podgorica"]
[Date "2024.02.06"]
[Round "1.12"]
[White "Zivkovic, Slaven"]
[Black "Vujosevic, Vladimir"]
[Result "0-1"]
[ECO "C54"]
[WhiteElo "1899"]
[BlackElo "2335"]
[Annotator "TA"]
[PlyCount "64"]
[EventDate "2024.02.06"]
[EventType "swiss"]
[EventCountry "MNE"]
[SourceTitle "playchess.com"]
[Source "ChessBase"]
[SourceQuality "1"]
[TimeControl "40/5400+30:1800+30"]

1. e4 e5 2. Nf3 Nc6 3. Bc4 Nf6 4. d3 Bc5 5. c3 d6 6. h3 a6 7. Bb3 h6 8. Nbd2 Ba7 9. Nf1 {[%emt 0:02:17] The position is equal.} Be6 10. Ng3 O-O 11. O-O d5 12. Qe2 Re8 13. Rd1 d4 14. Nh4 Bxb3 15. axb3 Bc5 16. Qf3 Re6 17. Nhf5 Bf8 18. Nf1 a5 19. Qg3 Kh7 20. Qh4 {[%emt 0:01:19] [#]} (20. Qf3 $15) 20... Nd7 $1 $17 21. Qg4 g6 22. Nh4 Nc5 23. b4 axb4 24. Rxa8 Qxa8 25. cxd4 (25. c4 $142) 25... Nxd4 $19 26. Kh1 (26. Ng3 {was worth a try.}) 26... Qd8 (26... Qa4 $142 {Threatens to win with ...h5.} 27. Ng3 Qb3) 27. f4 $2 {[%emt 0:00:57] [#]} (27. Nf3) 27... h5 {[%emt 0:01:33] Black is clearly winning.} 28. Qg3 Ne2 29. Qf2 (29. Qf3 $142 Nxc1 30. f5 gxf5 (30... N1xd3 $2 31. fxe6 Qe7 32. Rd2 $19) 31. Nxf5 (31. Qxh5+ $2 {perishes.} Kg8 $19) 31... N1xd3 (31... Qg5 $2 32. h4 $19) 32. Qxh5+ Kg8 33. Kh2) 29... Nxc1 ({Inferior is} 29... Nxd3 30. Qxe2 $11) 30. f5 N1xd3 31. fxg6+ fxg6 32. Qf7+ Bg7 {[%emt 0:00:18] Weighted Error Value: White=0.75/Black=0.17 (very precise) .  Mistake:       	White=5     	Black=1      Inaccurate:     	White=4     	---        OK:         	White=5     	Black=12     Strong:       	---       	Black=1} 0-1